 Dungeon Crawl Stone Soup version 0.29.1-12-g30fa7ad0bf (webtiles) character file.

Game seed: 8673769386552995299

1756 wormed the Charlatan (level 9, -3/67 HPs)
             Began as a Gnoll Wanderer on Dec 26, 2022.
             Was an Initiate of Ashenzari.
             Slain by SuperSmizmar's ghost (13 damage)
             ... on level 5 of the Dungeon.
             The game lasted 00:13:23 (7987 turns).

wormed the Charlatan (Gnoll Wanderer)               Turns: 7987, Time: 00:13:24

Health: -3/67      AC:  7    Str: 10 (11) XL:     9   Next: 6%
Magic:  5/16       EV: 12    Int: 13 (15) God:    Ashenzari [......]
Gold:   301        SH:  0    Dex: 12 (13) Spells: 14/18 levels left

rFire   + . .      SeeInvis .   y - +2 dagger (venom)
rCold   . . .      Faith    .   (no shield)
rNeg    . . .      Spirit   .   w - +0 leather armour
rPois   .          Reflect  .   c - +0 helmet
rElec   .          Harm     .   b - +0 cloak
rCorr   +          Rampage  .   (no gloves)
Will    .....                   z - +0 pair of boots
Stlth   +++.......              l - amulet of regeneration
HPRegen 1.01/turn               e - ring of protection from fire
MPRegen 0.15/turn               h - ring of resist corrosion

@: lethally poisoned (-3 -> -5)
A: fangs 1, strong nose, distributed training
a: Renounce Religion


You were on level 5 of the Dungeon.
You worshipped Ashenzari.
Ashenzari was noncommittal.
You visited 2 branches of the dungeon, and saw 7 of its levels.

You collected 301 gold pieces.

Inventory:

Hand Weapons
 a - a +2 spear
 y - a +2 dagger of venom (weapon)
Armour
 b - a +0 cloak (worn)
 c - a +0 helmet (worn)
 w - a +0 leather armour (worn)
 z - a +0 pair of boots (worn)
Jewellery
 e - a ring of protection from fire (left hand)
 h - a ring of resist corrosion (right hand)
 l - an amulet of regeneration (around neck)
 C - an amulet of magic regeneration
Wands
 j - a wand of roots (8)
 J - a wand of charming (17)
Scrolls
 f - 2 scrolls of enchant weapon {unknown}
 g - 3 scrolls of poison {unknown}
 k - 2 scrolls of teleportation {unknown}
 m - a scroll of torment {unknown}
 n - 4 scrolls of blinking {unknown}
 q - 3 scrolls of magic mapping {unknown}
 r - 8 scrolls of identify {unknown}
 s - a scroll of fear {unknown}
 u - a scroll of butterflies {unknown}
 x - 2 scrolls of enchant armour {unknown}
 A - 3 scrolls of amnesia {unknown}
 D - a scroll of summoning {unknown}
 F - a scroll of vulnerability {unknown}
 G - a scroll of noise {unknown}
Potions
 d - a potion of cancellation {unknown}
 o - 2 potions of attraction {unknown}
 p - 2 potions of degeneration
 t - a potion of ambrosia {unknown}
 v - 3 potions of heal wounds {unknown}
 B - 2 potions of brilliance {unknown}
 E - a potion of mutation {unknown}
 H - 2 potions of flight {unknown}
 I - a potion of might {unknown}


   Skills:
 + Level 4.8 Fighting
 + Level 4.0 Short Blades
 + Level 4.0 Long Blades
 + Level 4.0 Axes
 + Level 4.0 Maces & Flails
 + Level 6.1 Polearms
 + Level 4.0 Staves
 + Level 4.0 Ranged Weapons
 + Level 4.0 Throwing
 + Level 4.0 Armour
 + Level 4.0 Dodging
 + Level 5.8 Stealth
 + Level 4.0 Shields
 + Level 4.0 Unarmed Combat
 + Level 5.0 Spellcasting
 + Level 3.3 Conjurations
 + Level 3.3 Hexes
 + Level 3.3 Summonings
 + Level 3.3 Necromancy
 + Level 3.3 Translocations
 + Level 3.3 Transmutations
 + Level 3.3 Fire Magic
 + Level 3.3 Ice Magic
 + Level 3.3 Air Magic
 + Level 4.0 Earth Magic
 + Level 3.3 Poison Magic
 + Level 5.2 Invocations
 + Level 6.1 Evocations


You had 14 spell levels left.
You knew the following spells:

 Your Spells              Type           Power      Damage    Failure   Level
a - Sandblast             Erth           26%        2d8       4%          1
b - Stone Arrow           Conj/Erth      24%        3d8       17%         3

Your spell library contained the following spells:

 Spells                   Type           Power      Damage    Failure   Level
 Dazzling Flash           Conj/Hex       22%        N/A       19%         3
 Gell's Gravitas          Tloc           11%        N/A       19%         3
 Inner Flame              Hex/Fire       11%        N/A       19%         3
 Lesser Beckoning         Tloc           11%        N/A       19%         3
 Teleport Other           Tloc           11%        N/A       19%         3
 Cause Fear               Hex            5%         N/A       54%         4
 Corpse Rot               Necr/Pois/Air  11%        N/A       54%         4
 Dispel Undead            Necr           11%        3d9       54%         4
 Iskenderun's Mystic Bla  Conj/Tloc      11%        2d4       54%         4
 Summon Lightning Spire   Summ/Air       11%        N/A       54%         4
 Alistair's Intoxication  Tmut/Pois      7%         N/A       87%         5
 Death Channel            Necr           5%         N/A       100%        6
 Starburst                Conj/Fire      5%         6d4       100%        6
 Discord                  Hex            5%         N/A       100%        8
 Dragon's Call            Summ           5%         N/A       100%        9


Dungeon Overview and Level Annotations

Branches:
Dungeon (6/15)             Temple (1/1) D:6

Altars:
Ashenzari
Cheibriados
Dithmenos
Elyvilon
Fedhas
Gozag
Hepliaklqana
Kikubaaqudgha
Makhleb
Nemelex Xobeh
Okawaru
Qazlal
Ru
Sif Muna
Trog
Uskayaw
Wu Jian
Xom
Yredelemnul
Zin
The Shining One

Annotations:
D:5 SuperSmizmar's ghost, novice DsBe; xian's ghost, novice DsWn


Innate Abilities, Weirdness & Mutations

You have very sharp teeth.
Your uncanny sense of smell can sniff out nearby items.
Your experience applies equally to all skills.


Message History

You feel very sick.
SuperSmizmar's ghost hits you but does no damage.
You are more poisoned.
It was a potion of curing.
You feel better.
SuperSmizmar's ghost hits you but does no damage.
You are poisoned.
You feel better. SuperSmizmar's ghost hits you.
* * * LOW HITPOINT WARNING * * *
You are poisoned.
You feel sick.
You feel sick.
SuperSmizmar's ghost attacks as you move away!
SuperSmizmar's ghost barely misses you.
You feel sick.
SuperSmizmar's ghost attacks as you move away!
SuperSmizmar's ghost hits you!
* * * LOW HITPOINT WARNING * * *
You are lethally poisoned!
* * * LOW HITPOINT WARNING * * *
You feel very sick.
You feel better.
SuperSmizmar's ghost hits you but does no damage.
You are poisoned.
Your magical contamination has completely faded away.
You feel very sick.
You feel sick.
SuperSmizmar's ghost attacks as you move away!
SuperSmizmar's ghost misses you.
You feel sick.
You feel sick.
SuperSmizmar's ghost attacks as you move away!
SuperSmizmar's ghost hits you.
* * * LOW HITPOINT WARNING * * *
You are more poisoned.
You feel sick.
SuperSmizmar's ghost whispers, "There is no future for you."
You feel very sick.
You feel sick.
SuperSmizmar's ghost says, "Are you willing to die fighting?
I was!"
SuperSmizmar's ghost attacks as you move away!
SuperSmizmar's ghost hits you!
You die...

#####.##(## #....#...#....#
......##.# #..#...#...#..#
##.#####.# #.)..#...#....# #.#
#.# #.#.####...#..# #.# ##.#
#.#.#####....## #.# #..#
#..).#....#### ##.####.##
##>.....####
.........###.......##
#...###..##.....@...##########
#.#<###..##......W..##.......#
..#...#.[##.......W....#####.##
#####....###.).........####...###
..#...##.................#.......
..#.####.#####...####.##.##...###
#...# #.# ##### #.##.###.##
########.# #.##.# ### .........#
#.##.#


You could see SuperSmizmar's ghost and xian's ghost.

Vanquished Creatures
  A sky beast (Temple)
  3 black bears (D:6)
  3 ice beasts
  3 ogres
  The ghost of wormed the Caller, an amateur GnSu (D:3)
  2 bullfrogs (D:6)
  3 scorpions
  A howler monkey (D:6)
  2 hounds
  The ghost of Sanktem7 the Sneak, a weakling SpEn (D:3)
  A jelly (D:6)
  4 iguanas
  Robin (D:2)
  7 adders
  2 white imps (D:5)
  4 worms
  4 dart slugs
  5 orcs
  3 endoplasms
  5 giant cockroaches
  21 goblins
  9 hobgoblins
  3 quokkas
  8 ball pythons
  4 bats
  3 frilled lizards
  10 kobolds
  7 rats
  A butterfly (D:6)
122 creatures vanquished.

Vanquished Creatures (others)
  A plant (D:3)
  A withered plant (D:3)
2 creatures vanquished.

Grand Total: 124 creatures vanquished

Notes
Turn   | Place    | Note
-------+----------+-------------------------------------------
     0 | D:1      | wormed the Gnoll Wanderer began the quest for the Orb.
     0 | D:1      | wormed set off with the following items: a +2 spear, a +0
                  | cloak, a potion of haste, a +0 robe; and the following
                  | spell memorised: Sandblast; and the following spells
                  | available to memorise: Stone Arrow.
     0 | D:1      | Reached XP level 1. HP: 17/17 MP: 4/4
   142 | D:1      | Got the Folio of the Congregated Black Widow
   152 | D:1      | Reached XP level 2. HP: 21/23 MP: 5/5
   653 | D:1      | Reached XP level 3. HP: 27/28 MP: 7/7
  1124 | D:2      | Noticed Robin
  1447 | D:2      | Reached skill level 1 in Short Blades
  1447 | D:2      | Reached skill level 1 in Long Blades
  1447 | D:2      | Reached skill level 1 in Axes
  1447 | D:2      | Reached skill level 1 in Maces & Flails
  1447 | D:2      | Reached skill level 1 in Staves
  1447 | D:2      | Reached skill level 1 in Ranged Weapons
  1447 | D:2      | Reached skill level 1 in Throwing
  1447 | D:2      | Reached skill level 1 in Armour
  1447 | D:2      | Reached skill level 1 in Dodging
  1447 | D:2      | Reached skill level 1 in Shields
  1447 | D:2      | Reached skill level 1 in Unarmed Combat
  1456 | D:2      | Killed Robin
  1457 | D:2      | Reached XP level 4. HP: 27/34 MP: 3/8
  1502 | D:2      | Learned a level 3 spell: Stone Arrow
  1748 | D:2      | Found a shimmering altar of Xom.
  2086 | D:2      | Reached skill level 1 in Conjurations
  2086 | D:2      | Reached skill level 1 in Hexes
  2086 | D:2      | Reached skill level 1 in Summonings
  2086 | D:2      | Reached skill level 1 in Necromancy
  2086 | D:2      | Reached skill level 1 in Translocations
  2086 | D:2      | Reached skill level 1 in Transmutations
  2086 | D:2      | Reached skill level 1 in Fire Magic
  2086 | D:2      | Reached skill level 1 in Ice Magic
  2086 | D:2      | Reached skill level 1 in Air Magic
  2086 | D:2      | Reached skill level 1 in Poison Magic
  3096 | D:3      | Found a faded altar of an unknown god.
  3318 | D:3      | Reached XP level 5. HP: 19/40 MP: 5/9
  3754 | D:3      | Found a runed translucent gate.
  3755 | D:3      | Found a runed translucent gate.
  3757 | D:3      | Found a runed translucent gate.
  3758 | D:3      | Noticed Sanktem7's ghost (weakling SpEn)
  3759 | D:3      | Noticed wormed's ghost (amateur GnSu)
  3835 | D:3      | Killed Sanktem7's ghost
  3920 | D:3      | Killed wormed's ghost
  3921 | D:3      | Reached XP level 6. HP: 28/47 MP: 9/11
  4557 | D:4      | Reached skill level 5 in Polearms
  4557 | D:4      | Reached skill level 5 in Evocations
  4688 | D:4      | Noticed an ice beast
  4700 | D:4      | Killed an ice beast
  5198 | D:5      | Entered Level 5 of the Dungeon
  5201 | D:5      | Found a runed translucent gate.
  5202 | D:5      | Found a runed translucent gate.
  5202 | D:5      | Found a runed translucent gate.
  5203 | D:5      | Noticed SuperSmizmar's ghost (novice DsBe)
  5203 | D:5      | Noticed xian's ghost (novice DsWn)
  5491 | D:5      | Reached XP level 7. HP: 52/52 MP: 12/12
  6064 | D:5      | Reached skill level 5 in Stealth
  6227 | D:6      | Reached XP level 8. HP: 50/60 MP: 11/14
  6889 | D:6      | Reached skill level 5 in Invocations
  7126 | D:6      | Found a staircase to the Ecumenical Temple.
  7131 | Temple   | Entered the Ecumenical Temple
  7465 | Temple   | Became a worshipper of Ashenzari the Shackled
  7513 | Temple   | Reached XP level 9. HP: 52/66 MP: 16/16
  7643 | Temple   | Reached skill level 5 in Spellcasting
  7987 | D:5      | Slain by SuperSmizmar's ghost

Illustrated notes

Levels and vault maps discovered:
D:1:      erik_arrival_blinker_ship, layout_loops_corners
D:2:      layout_basic, basic_altar, st_stairs_13, uniq_robin
D:3:      layout_loops_ring, gammafunk_ghost_cemetery,
          shapermc_ecumenical_altar_flowoftime, minmay_misc_feat_cross
D:4:      layout_loops_corners, minmay_misc_feat_iff, minmay_crystal_water,
          minmay_goblin_outpost
D:5:      layout_loops_ring, gammafunk_ghost_cemetery,
          minmay_misc_feat_four_crosses, dk_vineyard_3
D:6:      layout_rooms, minmay_temple_entry_butterflies
Temple:   mainiacjoe_temple_cubbyholes

Skill      XL: |  1  2  3  4  5  6  7  8  9 |
---------------+----------------------------+-----
Earth Magic    | 2 3 4 |  4.0
Short Blades   | 1 2 3 4 |  4.0
Long Blades    | 1 2 3 4 |  4.0
Axes           | 1 2 3 4 |  4.0
Maces & Flails | 1 2 3 4 |  4.0
Staves         | 1 2 3 4 |  4.0
Ranged Weapons | 1 2 3 4 |  4.0
Throwing       | 1 2 3 4 |  4.0
Armour         | 1 2 3 4 |  4.0
Dodging        | 1 2 3 4 |  4.0
Shields        | 1 2 3 4 |  4.0
Unarmed Combat | 1 2 3 4 |  4.0
Spellcasting   | 3 4 5 |  5.0
Conjurations   | 1 2 3 |  3.3
Hexes          | 1 2 3 |  3.3
Summonings     | 1 2 3 |  3.3
Necromancy     | 1 2 3 |  3.3
Translocations | 1 2 3 |  3.3
Transmutations | 1 2 3 |  3.3
Fire Magic     | 1 2 3 |  3.3
Ice Magic      | 1 2 3 |  3.3
Air Magic      | 1 2 3 |  3.3
Poison Magic   | 1 2 3 |  3.3
Invocations    | 3 4 5 |  5.2
Fighting       | 3 4 |  4.8
Polearms       | 5 6 |  6.1
Evocations     | 5 6 |  6.1
Stealth        | 5 |  5.8

Action                   |  1- 3 |  4- 6 |  7- 9 || total
-------------------------+-------+-------+-------++-------
Melee: Spear             |   101 |   162 |       ||   263
       Bite              |     7 |    17 |    13 ||    37
       Punch             |     1 |     8 |     1 ||    10
       Dagger            |       |    56 |   113 ||   169
 Cast: Sandblast         |     7 |     2 |       ||     9
       Stone Arrow       |       |     5 |    22 ||    27
Evoke: Wand              |       |       |     1 ||     1
  Use: Potion            |     1 |       |     5 ||     6
 Stab: Sleeping          |     9 |    15 |     5 ||    29
       Distracted        |       |     1 |       ||     1
Armor: Robe              |    14 |    14 |       ||    28
       Leather armour    |       |    39 |    43 ||    82
Dodge: Dodged            |    35 |    96 |    87 ||   218
